 Dungeon Crawl Stone Soup version 0.23.2 (webtiles) character file.

Game seed: 16791324888991640032

12954 Borgoz the Slicer (level 12, -6/73 HPs)
             Began as a Gargoyle Gladiator on Apr 9, 2019.
             Was a Believer of Ashenzari.
             Killed from afar by Fannar (27 damage)
             ... with a bolt of cold
             ... on level 11 of the Dungeon.
             The game lasted 00:27:24 (10717 turns).

Borgoz the Slicer (Gargoyle Gladiator)             Turns: 10717, Time: 00:27:26

Health: -6/73      AC: 23    Str: 24    XL:     12   Next: 0%
Magic:  18/18      EV: 16    Int:  9    God:    Ashenzari [**....]
Gold:   367        SH:  0    Dex: 15    Spells: 4/11 levels left

rFire    . . .     SeeInvis .   a - +0 rapier (vamp) (curse)
rCold    . . .     Gourm    .   (no shield)
rNeg     + . .     Faith    .   s - +0 ring mail
rPois    ∞         Spirit   .   c - +1 helmet
rElec    +         Reflect  .   (no cloak)
rCorr    .         Harm     .   k - +0 pair of gloves
MR       .....                  (no boots)
Stlth    +.........             m - amulet of rage (curse)
HPRegen  0.22/turn              y - +3 ring of slaying
MPRegen  0.16/turn              w - +4 ring of protection

@: mighty, berserk cooldown, slowed, very slow
A: negative energy resistance 1, electricity resistance, unbreathing,
petrification resistance, rot immunity, AC +8
a: Curse Item, Scrying, Renounce Religion, Evoke Berserk Rage


You were on level 11 of the Dungeon.
You worshipped Ashenzari.
Ashenzari was pleased with you.
You were not hungry.

You visited 2 branches of the dungeon, and saw 12 of its levels.

You collected 479 gold pieces.
You spent 112 gold pieces at shops.

Inventory:

Hand Weapons
 a - a cursed +0 vampiric rapier (weapon)
 p - a +0 dagger of distortion
 J - a +0 rapier
 K - a +1 short sword of distortion
Missiles
 g - 6 javelins (quivered)
 i - 10 tomahawks
 o - 6 javelins of returning
 F - 4 tomahawks of returning
Armour
 c - a +1 helmet (worn)
 k - a +0 pair of gloves (worn)
 s - a +0 ring mail (worn)
 H - a +0 shield
Jewellery
 m - a cursed amulet of rage (around neck)
 w - a +4 ring of protection (right hand)
 y - a +3 ring of slaying (left hand)
 z - an uncursed ring of flight
 E - an uncursed ring of protection from cold
Wands
 e - a wand of flame (17)
 r - a wand of enslavement (5)
 u - a wand of paralysis (19)
 A - a wand of iceblast (14)
 D - a wand of acid (7)
 G - a wand of digging (2)
Scrolls
 l - 3 scrolls of remove curse
 n - 8 scrolls of teleportation
 q - a scroll of enchant armour
 C - 2 scrolls of magic mapping
Potions
 j - a potion of brilliance
 t - a potion of lignification
 v - 3 potions of cancellation
 x - 2 potions of agility
 B - 2 potions of flight
 I - a potion of curing
Comestibles
 b - a chunk of flesh
 f - 25 rations


   Skills:
 + Level 7.7 Fighting
 * Level 9.2(11.4) Short Blades
 - Level 1.8 Throwing
 + Level 7.0 Armour
 * Level 8.5 Dodging
 - Level 0.1 Stealth
 * Level 8.6 Evocations


You had 4 spell levels left.
You knew the following spells:

 Your Spells              Type           Power        Failure   Level  Hunger
a - Confusing Touch       Hex            #.....       52%         1    ##.....
b - Confuse               Hex            #.......     87%         3    ####...
c - Regeneration          Chrm/Necr      #.........   87%         3    ####...

Your spell library contained the following spells:

 Spells                   Type           Power        Failure   Level  Hunger
 Animate Skeleton         Necr           N/A          52%         1    ##.....
 Magic Dart               Conj           #...         52%         1    ##.....
 Pain                     Necr           #...         52%         1    ##.....
 Searing Ray              Conj           #.....       65%         2    ###....
 Dazzling Spray           Conj/Hex       #.....       87%         3    ####...
 Gell's Gravitas          Tloc           #.........   87%         3    ####...
 Vampiric Draining        Necr           #.........   87%         3    ####...
 Animate Dead             Necr           N/A          99%         4    #####..
 Force Lance              Conj/Tloc      #.......     99%         4    #####..
 Fulminant Prism          Conj/Hex       #.........   99%         4    #####..
 Iskenderun's Mystic Bla  Conj           #.......     99%         4    #####..
 Petrify                  Tmut/Erth      #.......     99%         4    #####..
 Metabolic Englaciation   Hex/Ice        #.........   100%        5    ######.
 Yara's Violent Unravell  Hex/Tmut       #.........   100%        5    ######.


Dungeon Overview and Level Annotations

Branches:
Dungeon (11/15)            Temple (1/1) D:6             Orc (0/2) D:11
   Lair: D:8-11

Altars:
Ashenzari
Cheibriados
Dithmenos
Elyvilon
Fedhas
Gozag
Hepliaklqana
Kikubaaqudgha
Makhleb
Nemelex Xobeh
Okawaru
Qazlal
Ru
Sif Muna
Trog
Uskayaw
Wu Jian
Xom
Yredelemnul
Zin
The Shining One

Shops:
D:10 *

Annotations:
D:11 1 runed translucent door, Fannar, Harold


Innate Abilities, Weirdness & Mutations

You are resistant to torment.
Your stone body is resilient. (AC +8)
You are immune to poison.
You resist negative energy. (rN+)
You are resistant to electric shocks. (rElec)
You can survive without breathing.
You are immune to petrification.
You are immune to rotting.


Message History

The ice beast hits you but does no damage.
Fannar hits you but does no damage. Harold closely misses you.
The ice beast closely misses you.
You puncture the ice beast!
The ice beast is moderately wounded.
Harold hits you from afar with a +0 halberd!
The ice beast completely misses you.
You puncture the ice beast!
The ice beast is almost dead.
The ice beast closely misses you.
The ice beast hits you but does no damage.
Fannar says, "Does this not give you the chills?"
Harold misses you.
You puncture the ice beast!
You kill the ice beast!
The ice beast hits you. The ice beast freezes you!
* * * LOW HITPOINT WARNING * * *
Fannar gestures at you while chanting. The bolt of cold hits you!!
You die...

..................###
.........@..##......#
............###.....#
,.......##e.###.....##
###.###*#..# ##....# *
#. #..# ###..## ≈ , #
##.###.....# ,
######.@#......## ≈⌠
##.(.>..e.@......##
≈≈..
#......###Y...##..#
+####.....##
#.......#######
..........#
#......###.##.#
............#
##....####.#..##
...........##
##..###.......#
....##.....##
##...........#
#...##......#
#..........###
............#
##.........#


You could see Fannar, Harold and an ice beast.

Vanquished Creatures
  2 two-headed ogres
  Urug (D:10)
  Sonja (D:11)
  An unseen horror (D:10)
  2 manticores (D:11)
  3 ugly things (D:10)
  A centaur zombie (D:10)
  Psyche (D:10)
  A queen bee (D:8)
  A troll (D:6)
  Prince Ribbit (D:7)
  A hippogriff (D:7)
  Sigmund (D:6)
  A shadow (D:10)
  A vampire (D:10)
  A wyvern (D:11)
  A yak (D:10)
  A hungry ghost (D:7)
  Edmund (D:6)
  Menkaure (D:7)
  An acid dragon (D:11)
  A water moccasin (D:6)
  2 orc warriors
  9 ogres
  2 black bears
  3 ice beasts
  2 sky beasts
  2 phantoms
  2 necrophages
  4 centaurs
  A crocodile (D:10)
  Blork the orc (D:6)
  2 bullfrogs (D:10)
  A gnoll sergeant (D:8)
  A water moccasin skeleton (D:9)
  2 scorpions
  20 killer bees
  A wight (D:10)
  5 howler monkeys
  4 crimson imps
  2 quasits
  5 hounds
  2 centaur skeletons
  2 bullfrog skeletons
  A gnoll shaman (D:8)
  A jelly (D:7)
  3 orc priests (D:8)
  11 orc wizards
  4 iguanas
  4 worker ants
  A hound zombie (D:6)
  2 hound skeletons
  13 gnolls
  A howler monkey skeleton (D:10)
  15 adders
  A shadow imp (D:5)
  2 adder zombies (D:7)
  8 worms
  2 dart slugs (D:4)
  6 leopard geckos
  48 orcs
  12 bats
  10 giant cockroaches
  2 gnoll zombies (D:3)
  5 goblins
  7 hobgoblins
  22 jackals
  8 kobolds
  6 quokkas
  4 frilled lizards (D:2)
  A jackal zombie (D:8)
  A leopard gecko zombie (D:6)
  9 rats
311 creatures vanquished.

Notes
Turn   | Place    | Note
-------+----------+-------------------------------------------
     0 | D:1      | Borgoz the Gargoyle Gladiator began the quest for the Orb.
     0 | D:1      | Reached XP level 1. HP: 12/12 MP: 1/1
     2 | D:1      | Noticed an ogre
     2 | D:1      | Noticed an octopode
     4 | D:1      | Noticed a minotaur
     6 | D:1      | Noticed a troll
     6 | D:1      | Noticed a demonspawn
     8 | D:1      | Noticed a felid
     8 | D:1      | Noticed a centaur
    10 | D:1      | Noticed a dwarf
    10 | D:1      | Noticed a ghoul
    12 | D:1      | Noticed a halfling
    14 | D:1      | Noticed a spriggan
    14 | D:1      | Noticed a vine stalker
    16 | D:1      | Noticed a tengu
    18 | D:1      | Noticed a naga
    18 | D:1      | Noticed an elf
    20 | D:1      | Noticed a human
    20 | D:1      | Noticed a draconian
    22 | D:1      | Noticed a gargoyle
    22 | D:1      | Noticed a merfolk
    24 | D:1      | Noticed a formicid
    24 | D:1      | Noticed a vampire
    26 | D:1      | Noticed a demigod
    47 | D:1      | Reached XP level 2. HP: 14/18 MP: 2/2
   141 | D:1      | Reached skill level 3 in Short Blades
   282 | D:1      | Reached XP level 3. HP: 16/22 MP: 3/3
   601 | D:2      | Reached XP level 4. HP: 23/27 MP: 4/4
   996 | D:2      | Reached skill level 1 in Evocations
  1081 | D:2      | Reached XP level 5. HP: 25/32 MP: 5/5
  1085 | D:2      | Reached skill level 1 in Armour
  1515 | D:2      | Found a glowing silver altar of Zin.
  1898 | D:3      | Found a shadowy altar of Dithmenos.
  2021 | D:3      | Found a basalt altar of Yredelemnul.
  2637 | D:4      | Found a snail-covered altar of Cheibriados.
  2700 | D:4      | Noticed an ogre
  2710 | D:4      | Killed an ogre
  2710 | D:4      | Reached XP level 6. HP: 37/37 MP: 7/7
  2714 | D:4      | Reached skill level 4 in Short Blades
  3036 | D:4      | Found an ancient bone altar of Kikubaaqudgha.
  3058 | D:4      | Found an ornate altar of the Wu Jian Council.
  3103 | D:4      | Found a shimmering altar of Xom.
  3105 | D:4      | Found a shimmering altar of Xom.
  3216 | D:4      | Found a shimmering altar of Xom.
  3311 | D:4      | Found a bloodstained altar of Trog.
  3322 | D:4      | Found a hazy altar of Hepliaklqana.
  3429 | D:5      | Entered Level 5 of the Dungeon
  3446 | D:5      | Reached XP level 7. HP: 35/41 MP: 8/8
  3984 | D:6      | Found a staircase to the Ecumenical Temple.
  3994 | D:6      | Noticed Sigmund
  4010 | D:6      | Killed Sigmund
  4010 | D:6      | Reached XP level 8. HP: 48/48 MP: 10/10
  4013 | D:6      | Reached skill level 5 in Short Blades
  4051 | Temple   | Entered the Ecumenical Temple
  4105 | Temple   | Became a worshipper of Ashenzari the Shackled
  4314 | D:6      | Noticed a troll
  4328 | D:6      | Killed a troll
  4383 | D:6      | Noticed Blork the orc
  4393 | D:6      | Killed Blork the orc
  4495 | D:6      | Reached skill level 5 in Dodging
  4527 | D:6      | Noticed Edmund
  4588 | D:6      | Killed Edmund
  4653 | D:6      | Found the +6 shillelagh "Devastator" {shatter}
  4837 | D:6      | Reached XP level 9. HP: 53/53 MP: 12/12
  4844 | D:6      | Reached skill level 5 in Fighting
  4872 | D:6      | Reached skill level 6 in Short Blades
  5143 | D:7      | Reached skill level 5 in Evocations
  5271 | D:7      | Noticed Prince Ribbit
  5292 | D:7      | Killed Prince Ribbit
  5734 | D:7      | Noticed Menkaure
  5739 | D:7      | Killed Menkaure
  6140 | D:8      | Noticed a two-headed ogre
  6158 | D:8      | Killed a two-headed ogre
  6158 | D:8      | Reached skill level 7 in Short Blades
  6158 | D:8      | Reached skill level 5 in Armour
  6158 | D:8      | Reached XP level 10. HP: 60/60 MP: 14/14
  6264 | D:8      | Reached * piety under Ashenzari
  7498 | D:8      | Reached ** piety under Ashenzari
  8673 | D:10     | Entered Level 10 of the Dungeon
  8673 | D:10     | Identified the +2 spear "Ultimatum" {antimagic, rPois}
  8833 | D:10     | Noticed Urug
  8852 | D:10     | Noticed a green ugly thing
  8854 | D:10     | Killed Urug
  8854 | D:10     | Reached skill level 8 in Short Blades
  8854 | D:10     | Reached XP level 11. HP: 49/66 MP: 16/16
  8863 | D:10     | Noticed a white ugly thing
  9168 | D:10     | Killed a green ugly thing
  9174 | D:10     | Killed a green ugly thing
  9579 | D:10     | Found Ipsaext's Assorted Antiques.
  9660 | D:10     | Bought a potion of might for 112 gold pieces
  9714 | D:10     | Noticed Psyche
  9727 | D:10     | Killed Psyche
  9793 | D:10     | Learned a level 1 spell: Confusing Touch
  9797 | D:10     | Learned a level 3 spell: Confuse
  9801 | D:10     | Learned a level 3 spell: Regeneration
  9820 | D:11     | Noticed a purple ugly thing
  9834 | D:10     | Killed a purple ugly thing
  9899 | D:11     | Noticed Sonja
  9944 | D:11     | Noticed a two-headed ogre
  9953 | D:11     | Killed a two-headed ogre
 10127 | D:10     | Killed an unseen horror
 10192 | D:11     | Reached skill level 9 in Short Blades
 10194 | D:11     | Noticed a manticore
 10208 | D:11     | Killed Sonja
 10233 | D:11     | Killed a manticore
 10461 | D:11     | Noticed Fannar
 10463 | D:11     | Noticed a manticore
 10660 | D:11     | Found a large runed translucent door.
 10662 | D:11     | Found a staircase to the Orcish Mines.
 10691 | D:11     | Killed a manticore
 10696 | D:11     | Reached XP level 12. HP: 73/73 MP: 18/18
 10699 | D:11     | Noticed Harold
 10717 | D:11     | Killed from afar by Fannar

Skill      XL: |  1  2  3  4  5  6  7  8  9 10 11 |
---------------+----------------------------------+-----
Short Blades   | 3 4 5 7 8 9 |  9.2
Dodging        | 3 4 5 6 7 8 |  8.5
Evocations     | 1 2 3 4 6 7 8 |  8.6
Fighting       | 3 4 5 6 7 |  7.7
Armour         | 1 2 3 5 6 7 |  7.0
Throwing       | |  1.8
Stealth        | |  0.1

Action                   |  1- 3 |  4- 6 |  7- 9 | 10-12 || total
-------------------------+-------+-------+-------+-------++-------
Melee: Rapier            |    16 |       |   111 |   703 ||   830
       Dagger            |    91 |   406 |   357 |       ||   854
Throw: Throwing net      |       |       |       |     4 ||     4
       Javelin           |       |       |       |     1 ||     1
Invok: Curse Item        |       |       |     2 |       ||     2
 Abil: Evoke Berserk Rag |       |     3 |     9 |    11 ||    23
Evoke: Wand              |       |       |       |     2 ||     2
  Use: Scroll            |       |     7 |     4 |    12 ||    23
       Potion            |       |       |       |     8 ||     8
 Stab: Invisible         |       |       |       |     5 ||     5
       Held in net/web   |       |       |       |     4 ||     4
  Eat: Chunk             |       |    11 |    20 |    23 ||    54
       Ration            |       |       |       |     1 ||     1
Armor: Leather armour    |    54 |    71 |       |       ||   125
       Ring mail         |       |    84 |   185 |   379 ||   648
Dodge: Dodged            |    82 |   257 |   298 |   603 ||  1240
